 Dungeon Crawl Stone Soup version 0.28-a0-230-g086cc6695f (webtiles) character file.

Game seed: 8022259386754748568

2811 MirrMurr the Thrower (level 9, -1/71 HPs)
             Began as a Gnoll Hunter on Aug 22, 2021.
             Was a Priest of Okawaru.
             Slain by a centaur (6 damage)
             ... on level 8 of the Dungeon.
             The game lasted 00:23:31 (9534 turns).

MirrMurr the Thrower (Gnoll Hunter)                 Turns: 9534, Time: 00:23:31

Health: -1/71      AC:  6    Str: 11    XL:     9   Next: 72%
Magic:  15/15      EV: 18    Int: 14    God:    Okawaru [***...]
Gold:   409        SH:  0    Dex: 13    Spells: 15/17 levels left

rFire   . . .      SeeInvis .   a - +1 flail (vorpal)
rCold   . . .      Faith    .   (no shield)
rNeg    . . .      Spirit   .   w - +0 leather armour {Will+}
rPois   +          Reflect  .   (no helmet)
rElec   .          Harm     .   p - +2 cloak
rCorr   .          Rampage  .   (no gloves)
Will    +....                   (no boots)
Stlth   +++.......              (no amulet)
HPRegen 0.21/turn               t - +4 ring of evasion
MPRegen 0.14/turn               x - ring of poison resistance

@: mighty
A: fangs 1, strong nose, distributed training
a: Renounce Religion, Heroism


You were on level 8 of the Dungeon.
You worshipped Okawaru.
Okawaru was most pleased with you.
You visited 2 branches of the dungeon, and saw 9 of its levels.

You collected 409 gold pieces.

Inventory:

Hand Weapons
 a - a +1 vorpal flail (weapon)
 b - a +1 dagger of draining
Missiles
 c - 10 javelins
 d - 5 throwing nets
 e - 180 stones (quivered)
 s - 27 poisoned darts
 v - 13 sling bullets
Armour
 p - a +2 cloak (worn)
 w - a +0 leather armour of willpower (worn)
Jewellery
 f - a +4 ring of slaying
 t - a +4 ring of evasion (left hand)
 x - a ring of poison resistance (right hand)
Wands
 k - a wand of acid (4)
Scrolls
 g - 2 scrolls of teleportation
 h - a scroll of brand weapon
 j - a scroll of enchant armour
 l - a scroll of blinking
 u - 4 scrolls of fog
 y - a scroll of enchant weapon
 z - a scroll of fear
Potions
 i - 3 potions of lignification
 o - 3 potions of brilliance
 q - a potion of might
 r - a potion of haste


   Skills:
 + Level 6.5 Fighting
 + Level 4.5 Short Blades
 + Level 4.5 Long Blades
 + Level 4.5 Axes
 + Level 4.5 Maces & Flails
 + Level 4.5 Polearms
 + Level 4.5 Staves
 + Level 4.5 Slings
 + Level 4.5 Bows
 + Level 4.5 Crossbows
 + Level 9.7 Throwing
 + Level 4.5 Armour
 + Level 6.5 Dodging
 + Level 5.1 Stealth
 + Level 4.5 Shields
 + Level 4.5 Unarmed Combat
 + Level 4.5 Spellcasting
 + Level 3.7 Conjurations
 + Level 3.7 Hexes
 + Level 3.7 Summonings
 + Level 3.7 Necromancy
 + Level 3.7 Translocations
 + Level 3.7 Transmutations
 + Level 3.7 Fire Magic
 + Level 3.7 Ice Magic
 + Level 3.7 Air Magic
 + Level 3.7 Earth Magic
 + Level 3.7 Poison Magic
 + Level 5.0 Invocations
 + Level 4.5 Evocations


You had 15 spell levels left.
You knew the following spells:

 Your Spells              Type           Power      Damage    Failure   Level
B - Blink                 Tloc           N/A        N/A       8%          2

Your spell library contained the following spells:

 Spells                   Type           Power      Damage    Failure   Level
 Pain                     Necr           52%        1d6       4%          1
 Lesser Beckoning         Tloc           6%         N/A       16%         3
 Vampiric Draining        Necr           6%         2d6       16%         3
 Manifold Assault         Tloc           13%        N/A       80%         5
 Animate Skeleton         Necr           Unusable   N/A       N/A         1

Dungeon Overview and Level Annotations

Branches:
Dungeon (8/15)             Temple (1/1) D:5
   Lair: D:8-11

Altars:
Ashenzari
Cheibriados
Dithmenos
Hepliaklqana
Okawaru
Sif Muna
Uskayaw
Wu Jian
Yredelemnul

Shops:
D:3 :   D:4 :

Annotations:
D:3 Sigmund
D:8 2 transporters, uniqcum's ghost, novice MiFi


Innate Abilities, Weirdness & Mutations

You have very sharp teeth.
Your uncanny sense of smell can sniff out nearby items.
Your experience applies equally to all skills.


Message History

The centaur closely misses you.
You see here a bullfrog corpse.
Unknown command.
You hit the centaur but do no damage.
The centaur hits you with the +8 rapier of Pain and Death {holy, Int+3}!
The centaur misses you.
The centaur zaps a wand.
The puff of flame hits you!
Unknown command.
You are too injured to fight recklessly!
You are too injured to fight recklessly!
You are too injured to fight recklessly!
Unknown command.
You barely miss the centaur. The centaur completely misses you.
The centaur kicks you.
You hit the centaur but do no damage. Your bite misses the centaur.
The centaur barely misses you. The centaur misses you.
The centaur hits you with the +8 rapier of Pain and Death {holy, Int+3}!
* * * LOW HITPOINT WARNING * * *
The centaur closely misses you.
You sock the centaur! You bite the centaur, but do no damage.
The centaur is moderately wounded.
The centaur hits you with the +8 rapier of Pain and Death {holy, Int+3}.
* * * LOW HITPOINT WARNING * * *
The centaur kicks you.
* * * LOW HITPOINT WARNING * * *
The centaur completely misses you. The centaur misses you.
You feel better.
The centaur hits you with the +8 rapier of Pain and Death {holy, Int+3}.
The centaur kicks you.
* * * LOW HITPOINT WARNING * * *
You feel very mighty all of a sudden.
The centaur hits you with the +8 rapier of Pain and Death {holy, Int+3}!
* * * LOW HITPOINT WARNING * * *
The centaur kicks you but does no damage.
The centaur hits you with the +8 rapier of Pain and Death {holy, Int+3}!
* * * LOW HITPOINT WARNING * * *
The centaur kicks you but does no damage.
You barely miss the centaur. Your bite misses the centaur.
The centaur is moderately wounded.
The centaur hits you with the +8 rapier of Pain and Death {holy, Int+3}.
You die...

.......,,,*,* #.##.#
#######**,*,* #.##.# #
*,*,* #.##.# # *,*,* #.##.#
#*** *,*>* #>##.# #*,**
*,*,* #.##.# #,*,** *#,*,*
#.##.#
,,,*,***(...##########.##.#
**,,,,,,(((..((c@......##.#
,**,,,,,......#####.......#
*,*,****.####,* #.#######
**,,**,,,,,**,* #.#
**,*,,,∆,,,*,* #.#
***,*,,,,,,,*,* #.#
,,,,,,,,_,,,,,* #.#
**,,*,,,,,,,*,** #.#
*,,*,,,,,,,*,,***#.#


You could see a centaur.

Vanquished Creatures
  A two-headed ogre (D:6)
  2 orc warriors
  A sky beast (D:8)
  3 necrophages
  3 ogres
  A centaur (D:2)
  A kobold brigand (D:8)
  A bullfrog (D:8)
  A gnoll sergeant (D:6)
  2 scorpions (D:5)
  A wyvern zombie (D:7)
  A wyvern skeleton (D:5)
  A water moccasin skeleton (D:6)
  5 killer bees (D:7)
  A centaur zombie (D:7)
  2 hounds (D:7)
  A jelly (D:7)
  An orc priest (D:7)
  A centaur skeleton (D:6)
  A bullfrog skeleton (D:7)
  An iguana (D:5)
  2 orc wizards
  A hound skeleton (D:5)
  5 adders
  9 gnolls
  A howler monkey skeleton (D:5)
  A shadow imp (D:6)
  2 white imps
  An adder skeleton (D:4)
  5 worms
  2 dart slugs
  23 orcs
  12 ball pythons
  7 endoplasms
  12 giant cockroaches
  8 goblins
  6 hobgoblins
  14 jackals
  7 kobolds
  3 quokkas
  5 bats
  2 frilled lizards
  4 rats
164 creatures vanquished.

Notes
Turn   | Place    | Note
-------+----------+-------------------------------------------
     0 | D:1      | MirrMurr the Gnoll Hunter began the quest for the Orb.
     0 | D:1      | Reached XP level 1. HP: 20/20 MP: 1/1
   257 | D:1      | Reached XP level 2. HP: 26/26 MP: 2/2
   608 | D:1      | Reached XP level 3. HP: 31/31 MP: 2/4
   742 | D:1      | Found a faded altar of an unknown god.
   913 | D:1      | Reached skill level 1 in Invocations
  1372 | D:2      | Reached skill level 1 in Short Blades
  1372 | D:2      | Reached skill level 1 in Long Blades
  1372 | D:2      | Reached skill level 1 in Axes
  1372 | D:2      | Reached skill level 1 in Maces & Flails
  1372 | D:2      | Reached skill level 1 in Polearms
  1372 | D:2      | Reached skill level 1 in Staves
  1372 | D:2      | Reached skill level 1 in Slings
  1372 | D:2      | Reached skill level 1 in Bows
  1372 | D:2      | Reached skill level 1 in Crossbows
  1372 | D:2      | Reached skill level 1 in Armour
  1372 | D:2      | Reached skill level 1 in Shields
  1372 | D:2      | Reached skill level 1 in Unarmed Combat
  1372 | D:2      | Reached skill level 1 in Spellcasting
  1372 | D:2      | Reached skill level 1 in Evocations
  1810 | D:2      | Reached XP level 4. HP: 35/38 MP: 5/5
  2266 | D:3      | Noticed a centaur
  2272 | D:2      | Killed a centaur
  2273 | D:2      | Reached skill level 1 in Conjurations
  2273 | D:2      | Reached skill level 1 in Hexes
  2273 | D:2      | Reached skill level 1 in Summonings
  2273 | D:2      | Reached skill level 1 in Necromancy
  2273 | D:2      | Reached skill level 1 in Translocations
  2273 | D:2      | Reached skill level 1 in Transmutations
  2273 | D:2      | Reached skill level 1 in Fire Magic
  2273 | D:2      | Reached skill level 1 in Ice Magic
  2273 | D:2      | Reached skill level 1 in Air Magic
  2273 | D:2      | Reached skill level 1 in Earth Magic
  2273 | D:2      | Reached skill level 1 in Poison Magic
  2273 | D:2      | Reached XP level 5. HP: 17/43 MP: 5/7
  2588 | D:3      | Noticed an ogre
  2590 | D:3      | Killed an ogre
  2591 | D:3      | Reached XP level 6. HP: 50/50 MP: 8/8
  2629 | D:3      | Noticed Sigmund
  3036 | D:3      | Reached skill level 5 in Fighting
  3036 | D:3      | Reached skill level 5 in Dodging
  3132 | D:3      | Found a shimmering blue altar of Sif Muna.
  3134 | D:3      | Found a hide-covered altar of Uskayaw.
  3135 | D:3      | Found a basalt altar of Yredelemnul.
  3153 | D:3      | Found an iron altar of Okawaru.
  3202 | D:3      | Became a worshipper of Warmaster Okawaru
  3475 | D:3      | Found Ibeadgh's Book Boutique.
  4154 | D:4      | Found Hir Radgh's Book Shoppe.
  4559 | D:4      | You fall into a shaft and drop 3 floors!
  4590 | D:6      | Reached XP level 7. HP: 56/56 MP: 10/10
  4641 | D:6      | Noticed a two-headed ogre
  4666 | D:5      | Entered Level 5 of the Dungeon
  4949 | D:4      | Found a hazy altar of Hepliaklqana.
  4950 | D:4      | Found a shadowy altar of Dithmenos.
  4950 | D:4      | Noticed a shadow
  5203 | D:5      | Reached skill level 9 in Throwing
  5206 | D:5      | Reached * piety under Okawaru
  5318 | D:5      | Reached XP level 8. HP: 63/63 MP: 12/12
  5546 | D:5      | Found a staircase to the Ecumenical Temple.
  5553 | Temple   | Entered the Ecumenical Temple
  5561 | D:5      | Found a snail-covered altar of Cheibriados.
  6719 | D:6      | Learned a level 2 spell: Blink
  7136 | D:6      | Killed a two-headed ogre
  7136 | D:6      | Reached ** piety under Okawaru
  7137 | D:6      | Reached XP level 9. HP: 31/69 MP: 13/15
  7527 | D:7      | Reached *** piety under Okawaru
  8941 | D:8      | Reached skill level 5 in Stealth
  9418 | D:8      | Noticed uniqcum's ghost (novice MiFi)
  9420 | D:8      | Found a transporter.
  9430 | D:8      | Noticed a kobold demonologist
  9433 | D:8      | Found a transporter.
  9513 | D:8      | Identified the +8 rapier of Pain and Death {holy, Int+3}
  9527 | D:8      | Reached skill level 5 in Invocations
  9534 | D:8      | Slain by a centaur

Illustrated notes

Levels and vault maps discovered:
D:1:      lightli_arrival_statue_moat, layout_loops_ring,
          hellmonk_ecumenical_altar_run_dry, minmay_pentomino_r2
D:2:      layout_basic, grunt_ministairs_9, minmay_worlds_worst_comb
D:3:      layout_basic, nicolae_overflow_quartered_altars,
          serial_co_window_serial, co_window_of_opportunity_a,
          co_window_of_opportunity_a, co_window_paths_a, co_window_paths_a,
          co_window_paths_b, co_window_paths_a, co_window_of_opportunity_a,
          co_window_corner_ca, co_window_cross_2, co_window_2corner,
          co_window_unsneaky_path_e, co_window_cross_4, co_window_corner_b,
          co_window_unsneaky_path_b, glass_columns_b, glass_columns_a,
          glass_columns_b, serial_shops, shop, cheibrodos_sewer_entry_bend,
          minmay_circle_x, uniq_sigmund
D:4:      layout_basic, riverfiend_overflow_shadow_ancestor, serial_shops,
          nicolae_shop_stone
D:5:      layout_cave_pools, mainiacjoe_overflow_alcove_1,
          minmay_temple_entry_slanted
D:6:      layout_loops_ring
D:7:      layout_gridville, minmay_statues_item
D:8:      layout_loops_ring, old_standard_altar, gammafunk_ghost_arena
Temple:   dpeg_three_leaves_temple

Skill      XL: |  1  2  3  4  5  6  7  8  9 |
---------------+----------------------------+-----
Invocations    | 1 2 3 4 5 |  5.0
Short Blades   | 1 2 4 |  4.5
Long Blades    | 1 2 4 |  4.5
Axes           | 1 2 4 |  4.5
Maces & Flails | 1 2 4 |  4.5
Polearms       | 1 2 4 |  4.5
Staves         | 1 2 4 |  4.5
Slings         | 1 2 4 |  4.5
Bows           | 1 2 4 |  4.5
Crossbows      | 1 2 4 |  4.5
Armour         | 1 2 4 |  4.5
Shields        | 1 2 4 |  4.5
Unarmed Combat | 1 2 4 |  4.5
Spellcasting   | 1 2 4 |  4.5
Evocations     | 1 2 4 |  4.5
Conjurations   | 1 2 3 |  3.7
Hexes          | 1 2 3 |  3.7
Summonings     | 1 2 3 |  3.7
Necromancy     | 1 2 3 |  3.7
Translocations | 1 2 3 |  3.7
Transmutations | 1 2 3 |  3.7
Fire Magic     | 1 2 3 |  3.7
Ice Magic      | 1 2 3 |  3.7
Air Magic      | 1 2 3 |  3.7
Earth Magic    | 1 2 3 |  3.7
Poison Magic   | 1 2 3 |  3.7
Stealth        | 3 4 5 |  5.1
Fighting       | 5 6 |  6.5
Dodging        | 5 6 |  6.5
Throwing       | 9 |  9.7

Action                   |  1- 3 |  4- 6 |  7- 9 || total
-------------------------+-------+-------+-------++-------
Melee: Short sword       |    62 |       |       ||    62
       Bite              |     3 |     5 |    18 ||    26
       Flail             |    12 |    53 |   205 ||   270
       Punch             |       |       |     2 ||     2
Throw: Stone             |    24 |    93 |   204 ||   321
       Javelin           |     2 |     6 |     4 ||    12
       Dart              |       |       |    22 ||    22
  Use: Scroll            |       |    14 |     7 ||    21
       Potion            |       |       |     6 ||     6
 Stab: Sleeping          |     4 |       |     1 ||     5
       Invisible         |       |       |     3 ||     3
Armor: Leather armour    |    16 |    13 |    42 ||    71
       Ring mail         |       |       |     6 ||     6
Dodge: Dodged            |    54 |    59 |   269 ||   382

Table legend: (Time is in decaauts)
 A = Elapsed time spent in this place.
 B = Non-inter-level travel time spent in this place.
 C = Inter-level travel time spent in this place.
 D = Time resting spent in this place.
 E = Time spent auto-exploring this place.
 F = Levels seen in this place.
 G = Mean time per level.
                   A        B        C        D        E       F      G
               +--------+--------+--------+--------+--------+-----+--------+
         Total |   9513 |   9022 |    491 |    662 |   6665 |   9 | 1057.0 |
       Dungeon |   9511 |   9020 |    491 |    662 |   6665 |   8 | 1188.9 |
        Temple |      1 |      1 |      0 |      0 |      0 |   1 |    1.0 |
               +--------+--------+--------+--------+--------+-----+--------+

Top non-repeatable levels by time:
     D:3: 1527 daAuts
     D:7: 1522 daAuts
     D:2: 1481 daAuts
     D:6: 1420 daAuts
     D:1: 1103 daAuts
     D:5: 1071 daAuts
     D:4: 771 daAuts
     D:8: 614 daAuts
  Temple: 1 daAuts
